 Dungeon Crawl Stone Soup version 0.25-a0-1036-g6f112fb28d (webtiles) character file.

Game seed: 18193150887582657517, levelgen mode: deterministic

118 Maedhros the Sneak (level 5, -13/33 HPs)
             Began as an Octopode Artificer on May 13, 2020.
             Shot with an arrow by a centaur (16 damage)
             ... on level 6 of the Dungeon.
             The game lasted 00:04:26 (556 turns).

Maedhros the Sneak (Octopode Artificer)              Turns: 556, Time: 00:04:27

Health: -13/33     AC:  1    Str: 12    XL:     5   Next: 2%
Magic:  7/7        EV: 13    Int: 13    God:
Gold:   61         SH:  0    Dex: 13    Spells: 4/4 levels left

rFire    . . .     SeeInvis .     - Unarmed
rCold    . . .     Gourm    .   (no shield)
rNeg     . . .     Faith    .   (helmet restricted)
rPois    .         Spirit   .   (no amulet)
rElec    .         Reflect  .   (no ring)
rCorr    .         Harm     .   (no ring)
MR       .....                  (no ring)
Stlth    +++.......             (no ring)
HPRegen  0.11/turn              (no ring)
MPRegen  0.10/turn              (no ring)
                                (no ring)
                                (no ring)

@: no status effects
A: almost no armour, stealthy swim, amphibious, 8 rings, constrict 8, camouflage
1, gelatinous body 1
a: no special abilities


You were on level 6 of the Dungeon.
You were not hungry.

You visited 2 branches of the dungeon, and saw 7 of its levels.

You collected 61 gold pieces.

Inventory:

Wands
 b - a wand of flame (8)
 c - a wand of enslavement (4)
 d - a wand of random effects (9)
Scrolls
 a - a scroll of remove curse {unknown}
 e - a scroll of enchant weapon {unknown}
 g - a scroll of amnesia {unknown}
 h - a scroll of magic mapping {unknown}
Comestibles
 f - 2 rations


   Skills:
 - Level 1.0 Fighting
   Level 1.0 Short Blades
 - Level 2.0 Dodging
 - Level 4.0 Stealth
 + Level 3.5 Unarmed Combat
 - Level 3.2 Evocations


You had 4 spell levels left.
You didn't know any spells.
Your spell library contained the following spells:

 Spells                   Type           Power        Failure   Level  Hunger
 Corona                   Hex            #......      30%         1    ##.....
 Sandblast                Erth           #.....       30%         1    ##.....
 Ensorcelled Hibernation  Hex/Ice        #.....       43%         2    ###....
 Passwall                 Tmut/Erth      #.......     43%         2    ###....
 Confusing Touch          Hex            #.......     67%         3    ####...
 Dazzling Flash           Conj/Hex       #.....       67%         3    ####...
 Stone Arrow              Conj/Erth      #.....       67%         3    ####...
 Tukima's Dance           Hex            #.......     67%         3    ####...
 Petrify                  Tmut/Erth      #.......     97%         4    #####..
 Lee's Rapid Deconstruct  Erth           #.........   100%        5    ######.


Dungeon Overview and Level Annotations

Branches:
Dungeon (6/15)             Temple (1/1) D:5

Altars:
Ashenzari
Kikubaaqudgha
Nemelex Xobeh
Okawaru
Qazlal
Ru
Trog
Uskayaw
Vehumet
Zin


Innate Abilities, Weirdness & Mutations

You cannot wear most types of armour.
You are very stealthy in the water. (Stealth+)
You are amphibious.
You can wear up to eight rings at the same time.
You can use your tentacles to constrict eight enemies at once.
Your skin changes colour to match your surroundings (Stealth+).
Your rubbery body absorbs attacks. (AC +1, EV +1)


Message History

Evoke which item? (* to show all) (? for menu, Esc to quit)
Okay, then.
You pick up a book of Geomancy and begin reading...
You add the spells Sandblast, Passwall, Stone Arrow, Petrify and Lee's Rapid Deconstruction to your library.
A centaur opens the door.
Evoke which item? (* to show all) (? for menu, Esc to quit)
Aiming: Enslavement
Press: ? - help, Shift-Dir - straight line, f - centaur
Aim: a centaur, quivering 19 arrows (wandering, hasn't noticed you, chance to defeat MR: 55%)
The centaur resists with significant effort.
The centaur wields a +0 shortbow.
The centaur shoots an arrow.
The arrow hits you!
* * * LOW HITPOINT WARNING * * *
Evoke which item? (* to show all) (? for menu, Esc to quit)
Aiming: Enslavement
Press: ? - help, Shift-Dir - straight line, f/p - centaur
Aim: a centaur, wielding a +0 shortbow and quivering 18 arrows (chance to defeat MR: 55%)
The centaur resists with significant effort.
The centaur shoots an arrow.
The arrow hits you!
You die...

### # #.##### ..#
############.....##....#
................@.......
........................
............#...........
............#....##.....
<...........#c...# ....#
............'....# ...#
............#...... ..#
######......#...... ...
#......#


You could see a centaur.

Vanquished Creatures
  A bullfrog zombie (D:5)
  An orc wizard (D:5)
  A howler monkey zombie (D:5)
  A leopard gecko (D:1)
  2 orcs (D:4)
  A hobgoblin (D:1)
  2 bats (D:1)
  A frilled lizard (D:1)
  2 kobolds
  A rat (D:1)
13 creatures vanquished.

Vanquished Creatures (collateral kills)
  2 orc wizards
  A howler monkey skeleton (D:5)
  2 orcs
5 creatures vanquished.

Grand Total: 18 creatures vanquished

Notes
Turn   | Place    | Note
-------+----------+-------------------------------------------
     0 | D:1      | Maedhros the Octopode Artificer began the quest for the
                  | Orb.
     0 | D:1      | Reached XP level 1. HP: 13/13 MP: 3/3
    32 | D:1      | Reached skill level 2 in Stealth
   125 | D:1      | Reached XP level 2. HP: 18/18 MP: 4/4
   126 | D:1      | Reached skill level 3 in Stealth
   214 | D:4      | Reached skill level 4 in Stealth
   214 | D:4      | Reached skill level 1 in Unarmed Combat
   214 | D:4      | Reached XP level 3. HP: 22/23 MP: 5/5
   260 | D:5      | Entered Level 5 of the Dungeon
   264 | D:5      | Found a staircase to the Ecumenical Temple.
   270 | D:5      | Reached XP level 4. HP: 19/28 MP: 6/6
   295 | D:5      | Noticed a slave
   314 | Temple   | Entered the Ecumenical Temple
   487 | D:5      | Noticed a centaur
   500 | D:5      | Reached XP level 5. HP: 13/33 MP: 7/7
   554 | D:6      | Noticed a centaur
   556 | D:6      | Shot with an arrow by a centaur

Illustrated notes

Levels and vault maps discovered:
D:1:      minmay_arrival_semitransparent, layout_loops_cross,
          grunt_decor_fettered
D:2:      minmay_wonky_spiral, layout_basic, uniq_terence,
          uniq_crazy_yiuf_cottage, uniq_natasha, uniq_jessica
D:3:      layout_basic, grunt_temple_overflow_open, first_ration
D:4:      layout_basic, yredelemnul_altar_generic
D:5:      layout_rooms, chequers_temple_overflow_minitemple,
          minmay_temple_entry_grid, uniq_pikel
D:6:      layout_gridville, minmay_fractal_squares_gapless_5
Temple:   jpeg_temple_alley_garden

Skill      XL: |  1  2  3  4 |
---------------+-------------+-----
Stealth        | 2 4 |  4.0
Unarmed Combat | 1 2 3 |  3.5
Fighting       | |  1.0
Short Blades   | |  1.0
Dodging        | |  2.0
Evocations     | |  3.2

Action                   |  1- 3 |  4- 6 || total
-------------------------+-------+-------++-------
Melee: Short sword       |    19 |     4 ||    23
       Constrict         |     5 |     2 ||     7
       Tentacles         |     3 |     2 ||     5
Evoke: Wand              |     5 |    19 ||    24
  Use: Potion            |       |     1 ||     1
 Stab: Sleeping          |     5 |       ||     5
       Distracted        |     1 |       ||     1
Armor: Skin              |     3 |       ||     3
Dodge: Dodged            |    11 |     5 ||    16

Table legend:
 A = Non-vault XP
 B = Vault XP
 C = Vault XP percentage of total XP
 D = Non-vault monster count
 E = Vault monster count
 F = Vault count percentage of total count
                 A         B        C        D         E       F
            +---------+---------+-------+---------+---------+-------
      Total |     169 |       0 |   0.0 |      18 |       0 |   0.0
            +---------+---------+-------+---------+---------+-------
        D:1 |      11 |       0 |   0.0 |       7 |       0 |   0.0
        D:3 |       1 |       0 |   0.0 |       1 |       0 |   0.0
        D:4 |      38 |       0 |   0.0 |       4 |       0 |   0.0
        D:5 |     119 |       0 |   0.0 |       6 |       0 |   0.0
            +---------+---------+-------+---------+---------+-------
